 Dungeon Crawl Stone Soup version 0.31.0-32-g396128a36d (webtiles) character file.

Game seed: 14239534193139394798

133 firemarshallily the Digger (level 5, 0/38 HPs)
             Began as a Formicid Earth Elementalist on Apr 23, 2024.
             Slain by a cerulean imp
             ... wielding a +1 spear
             ... summoned by Natasha
              (2 damage)
             ... on level 2 of the Dungeon.
             The game lasted 00:04:08 (1892 turns).

firemarshallily the Digger (FoEE)                   Turns: 1892, Time: 00:04:08

Health: 0/38       AC:  3    Str: 12    XL:     5   Next: 40%
Magic:  8/10       EV: 12    Int: 17    God:
Gold:   104        SH:  0    Dex: 14    Spells: 4/11 levels left

rFire   . . .        g - +0 short sword
rCold   . . .        (no shield)
rNeg    . . .        e - +1 animal skin
rPois   .            (helmet unavailable)
rElec   .            (no cloak)
rCorr   .            (no gloves)
SInv    +            (no boots)
Will    +....        (no amulet)
Stlth   ++           (no ring)
HPRegen 0.26/turn    (no ring)
MPRegen 0.12/turn

%: no passive effects
@: enlightened, flying, very slightly contaminated
A: permanent stasis, dig shafts and tunnels, antennae 3, four strong arms
a: Dig, Shaft Self


You were on level 2 of the Dungeon.
You visited 1 branch of the dungeon, and saw 2 of its levels.

You collected 104 gold pieces.

Inventory:

Hand Weapons
 g - a +0 short sword (weapon)
Armour
 e - a +1 animal skin (worn)
Scrolls
 a - a scroll of identify {unknown}
 c - 3 scrolls of poison {unknown}
 h - a scroll of fog {unknown}
Potions
 f - 2 potions of enlightenment


   Skills:
 + Level 1.6 Fighting
 - Level 1.7 Dodging
 - Level 2.4 Stealth
 * Level 3.5 Spellcasting
 + Level 1.7 Conjurations
 * Level 5.0 Earth Magic


You had 4 spell levels left.
You knew the following spells:

 Your Spells              Type           Power      Damage    Failure   Level
a - Sandblast             Erth           40%        2d10      1%          1
b - Stone Arrow           Conj/Erth      28%        3d8       12%         3
c - Passwall              Erth           20%        N/A       6%          3

Your spell library contained the following spells:

 Spells                   Type           Power      Damage    Failure   Level
 Necrotise                Necr           12%        1d4       17%         1
 Brom's Barrelling Bould  Conj/Erth      14%        2d4       38%         4
 Call Canine Familiar     Summ           3%         N/A       45%         3
 Sigil of Binding         Hex            3%         N/A       45%         3
 Vampiric Draining        Necr           3%         2d6       45%         3
 Petrify                  Alch/Erth      11%        N/A       52%         4
 Dimensional Bullseye     Hex/Tloc       1%         N/A       86%         4
 Martyr's Knell           Necr/Summ      3%         N/A       86%         4
 Curse of Agony           Necr           3%         N/A       99%         5


Dungeon Overview and Level Annotations

Branches:
Dungeon (2/15)

Altars:

Annotations:
D:2 Natasha


Innate Abilities, Weirdness & Mutations

You cannot be hasted, slowed, berserked, paralysed or teleported.
You can dig through walls and to a lower floor.
You have a pair of large antennae on your head. (SInv)
Your four strong arms can wield two-handed weapons with a shield.


Message History

Nothing appears to happen.
Unknown command.
Casting: Stone Arrow (quite dangerous; 13% risk of failure)
Confirm with . or Enter, or press ? or * to list all spells.
Aiming: Stone Arrow (quite dangerous; 13% risk of failure)
Press: ? - help, Shift-Dir - straight line, f/p - Natasha
Aim: Natasha (60% to hit)
The stone arrow hits Terence!
You kill Terence!
Your Earth Magic skill increases to level 5!
Unknown command.
Casting: Stone Arrow (dangerous; 12% risk of failure)
Confirm with . or Enter, or press ? or * to list all spells.
You don't have enough magic to cast this spell.
You hit Natasha but do no damage.
Natasha howls an incantation.
You feel troubled.
Natasha mumbles some strange words.
It was a potion of curing.
You feel better. Natasha claws you!
* * * LOW HITPOINT WARNING * * *
The cerulean imp hits you with a +1 spear.
* * * LOW HITPOINT WARNING * * *
You feel better. Natasha claws you!
* * * LOW HITPOINT WARNING * * *
The cerulean imp hits you with a +1 spear.
* * * LOW HITPOINT WARNING * * *
It was a potion of enlightenment.
You feel very buoyant.
You fly up into the air.
Natasha completely misses you. The cerulean imp closely misses you.
Magic courses through your body. Natasha closely misses you.
The cerulean imp barely misses you.
Casting: Stone Arrow (dangerous; 12% risk of failure)
Confirm with . or Enter, or press ? or * to list all spells.
Aiming: Stone Arrow (dangerous; 12% risk of failure)
Press: ? - help, Shift-Dir - straight line, f/p - Natasha
Aim: Natasha (60% to hit)
You miscast Stone Arrow.
Nothing appears to happen.
Natasha closely misses you.
The cerulean imp hits you with a +1 spear.
You die...

###### #..... ##.....
.......###########
#......h@5......#
#.....#########.#########
###### #.......... {
{#############
########### #...........#
#.#########.####### {
#.................#######
##########.#.............
#...####)######.


You could see Natasha and a cerulean imp (summoned).

Vanquished Creatures
  Terence (D:2)
  Natasha (D:2)
  Robin (D:2)
  2 adders (D:2)
  A dart slug (D:2)
  4 ball pythons
  A bat (D:1)
  3 endoplasms
  2 giant cockroaches (D:1)
  8 goblins
  9 hobgoblins
  3 jackals (D:1)
  4 quokkas (D:1)
  4 frilled lizards (D:1)
  4 kobolds
48 creatures vanquished.

Notes
Turn   | Place    | Note
-------+----------+-------------------------------------------
     0 | D:1      | firemarshallily the Formicid Earth Elementalist began the
                  | quest for the Orb.
     0 | D:1      | Reached XP level 1. HP: 13/13 MP: 3/3
   120 | D:1      | Reached skill level 1 in Conjurations
   187 | D:1      | Reached XP level 2. HP: 20/20 MP: 1/5
   434 | D:1      | Reached skill level 4 in Earth Magic
   816 | D:1      | Reached XP level 3. HP: 20/25 MP: 1/6
  1338 | D:2      | Learned a level 3 spell: Stone Arrow
  1342 | D:2      | Learned a level 3 spell: Passwall
  1347 | D:2      | Reached skill level 1 in Fighting
  1411 | D:2      | Noticed Robin
  1419 | D:2      | Reached XP level 4. HP: 32/32 MP: 2/8
  1421 | D:2      | Killed Robin
  1559 | D:2      | Noticed Natasha
  1565 | D:2      | Killed Natasha
  1704 | D:2      | Reached XP level 5. HP: 35/37 MP: 4/10
  1876 | D:2      | Noticed Natasha
  1877 | D:2      | Noticed Terence
  1886 | D:2      | Killed Terence
  1887 | D:2      | Reached skill level 5 in Earth Magic
  1889 | D:2      | HP: 1/38 [cerulean imp/+1 spear[Natasha] (6)]
  1892 | D:2      | Slain by a cerulean imp

Illustrated notes

Levels and vault maps discovered:
D:1:      evilmike_arrival_fibonacci_small, layout_basic
D:2:      layout_loops_ring, kennysheep_generic_room_13, uniq_robin,
          uniq_jessica, uniq_terence, uniq_natasha

Skill      XL: |  1  2  3  4  5 |
---------------+----------------+-----
Conjurations   | 1 |  1.7
Earth Magic    | 4 5 |  5.0
Fighting       | 1 |  1.6
Spellcasting   | 3 |  3.5
Dodging        | |  1.7
Stealth        | |  2.4

Action                     |  1- 3 |  4- 6 || total
---------------------------+-------+-------++-------
  Melee: Unarmed           |    10 |       ||    10
         Whip              |     2 |       ||     2
         Short sword       |     1 |    14 ||    15
   Cast: Sandblast         |    42 |    24 ||    66
         Stone Arrow       |       |     1 ||     1
    Use: Potion            |       |     4 ||     4
 Armour: Robe              |    13 |     9 ||    22
         Animal skin       |       |    12 ||    12
  Dodge: Dodged            |    17 |    13 ||    30
